 Dungeon Crawl Stone Soup version 0.13-a0-2484-gc765b08 (webtiles) character file.

3751 Rycklaryybbe the Slicer (level 9, -2/68 HPs)
             Began as a Demonspawn Berserker on July 20, 2013.
             Was a High Priest of Trog.
             Slain by Joseph
             ... wielding a +0,+0 quarterstaff
              (14 damage)
             ... on Level 10 of the Dungeon.
             The game lasted 00:49:51 (9783 turns).

Rycklaryybbe the Slicer (Demonspawn Berserker)      Turns: 9783, Time: 00:49:52

HP  -2/68        AC 15     Str 23      XL: 9   Next: 77%
MP   2/2         EV  8     Int 10      God: Trog [*****.]
Gold 319         SH 19     Dex 19      Spells:  0 memorised,  8 levels left

Res.Fire  : . . .   See Invis. : .   S - +3,+4 elf short sword (antimagic)
Res.Cold  : + . .   Warding    : .   A - +3 ring mail "Criwei" {Int+2 Stlth++}
Life Prot.: . . .   Conserve   : .   f - +1 dwarf shield
Res.Poison: .       Res.Corr.  : .   (no helmet)
Res.Elec. : .       Clarity    : .   (no cloak)
Sust.Abil.: . .     Spirit.Shd : .   D - +2 pair of gloves
Res.Mut.  : .       Stasis     : .   E - +2 pair of orc boots
Res.Rott. : .       Flight     : .   F - amulet of faith
Saprovore : . . .                    (no ring)
                                     (no ring)

@: mighty, slightly resistant to hostile enchantments, extremely stealthy
A: cold resistance 1, powered by pain 2, Str -1, Dex +4
a: Burn Spellbooks, Berserk, Trog's Hand, Brothers in Arms, Renounce Religion


You were on level 10 of the Dungeon.
You worshipped Trog.
Trog was exalted by your worship.
You were not hungry.

You visited 1 branch of the dungeon, and saw 10 of its levels.

You collected 359 gold pieces.
You spent 60 gold pieces at shops.

Inventory:

Hand weapons
 a - a +3,+3 elven dagger of venom
 b - a +1 blowgun
 i - a +0,+0 short sword
 j - a +0,+1 orcish dagger of protection
 n - a +2,+1 dwarven dagger of speed
 s - a +0,+1 orcish dagger of venom
 S - a +3,+4 elven anti-magic short sword (weapon)
Missiles
 d - a throwing net
 g - 3 steel darts (quivered)
 m - 79 poisoned needles
 w - 8 javelins of penetration
Armour
 f - a +1 dwarven shield (worn)
 A - the +3 ring mail "Criwei" (worn) {Int+2 Stlth++}
   (You found it on level 4 of the Dungeon)

   It affects your intelligence (+2).
   It makes you much more stealthy.
 D - a +2 pair of gloves (worn)
 E - a +2 pair of orcish boots (worn)
Magical devices
 h - a wand of random effects (16) {unknown}
 z - a wand of fireball (3)
 O - a wand of polymorph (6)
 Q - a wand of flame (10) {unknown}
Comestibles
 c - 2 bread rations
 x - a choko
 J - a banana
 M - 2 rotting chunks of giant frog flesh
 P - a beef jerky
 R - 3 chunks of giant frog flesh
Scrolls
 q - 2 scrolls of enchant weapon I
 t - 5 scrolls of identify
 y - 5 scrolls of teleportation
 C - a scroll of fear
 G - 2 scrolls of enchant weapon II
 H - 2 scrolls of recharging
 K - a scroll of immolation
 L - a scroll of magic mapping {unknown}
 N - a scroll of noise {unknown}
Jewellery
 u - an uncursed ring of teleportation
 F - an amulet of faith (around neck)
Potions
 e - a potion of invisibility {unknown}
 k - a potion of cure mutation {unknown}
 l - 8 potions of curing
 o - a potion of brilliance {unknown}
 p - 2 potions of degeneration {unknown}
 r - a potion of speed {unknown}
 v - a potion of restore abilities
 I - a potion of decay {unknown}
Magical staves
 B - an uncursed staff of death


   Skills:
 * Level 5.5 Fighting
 - Level 10.0 Short Blades
 - Level 2.1 Throwing
 * Level 4.4 Armour
 - Level 3.0 Dodging
 - Level 5.0 Stealth


You had 8 spell levels left.
You didn't know any spells.

Dungeon Overview and Level Annotations

Branches:
Dungeon (10/27)            Temple (0/1) D:7             Orc (0/4) D:7
   Lair: D:8-13

Altars:
Fedhas
Sif Muna
Trog
Zin
the Shining One

Shops:
D:4: *?[/} D:7: / D:9: [

Annotations
D:6 exclusion: oklob plant
D:7 exclusions: door and oklob sapling
D:10 Joseph


Innate Abilities, Weirdness & Mutations

You have a moderately thin skeletal structure (Dex +4, Str -1, Stlth).
Your flesh is cold resistant.
You sometimes gain power by taking damage.


Message History

You hit Joseph.
Joseph is severely wounded.
You barely miss Joseph.
Joseph is severely wounded.
Joseph hits you but does no damage. You block the goliath beetle's attack.
You hit Joseph but do no damage.
Joseph is severely wounded.
You puncture Joseph!
Joseph is almost dead.
Joseph hits you with a quarterstaff!
You focus on the pain.
You feel very mighty all of a sudden. You block the goliath beetle's attack.
You hit Joseph.
Joseph is almost dead.
Joseph hits you with a quarterstaff!
* * * LOW HITPOINT WARNING * * *
You hit Joseph.
Joseph is almost dead.
Joseph hits you with a quarterstaff!
You die...

.........# ..........#
#..........#
............#
...........# ..........#
.####..#.....# ####
.......@#.....#####...#
........@.............#
........B.8.8.8.8.8...#
.....................###
......(........<........
.................###....
................# ...
...............# ..
..............#
...##......#


You could see Joseph and a goliath beetle.

Vanquished Creatures
  Pikel (D:9)
  3 yaks (D:7)
  A wyvern (D:9)
  2 slaves (D:9)
  An ice beast (D:8)
  2 sky beasts (D:8)
  2 centaurs (D:8)
  A phantom (D:7)
  2 ogres
  5 giant frogs
  A big kobold (D:9)
  6 killer bees (D:8)
  4 crimson imps
  A goliath beetle (D:9)
  5 hounds
  An iguana (D:8)
  2 scorpions
  An orc priest (D:3)
  A two-headed ogre skeleton (D:9)
  An orc wizard (D:8)
  6 worker ants
  Jessica (D:2)
  A hound skeleton (D:4)
  A worker ant zombie (D:5)
  2 gnolls (D:6)
  9 adders
  A giant centipede (D:9)
  2 giant mites
  An inept feature mimic (D:5)
  2 worms
  An iguana zombie (D:5)
  2 adder skeletons
  4 giant geckos
  16 orcs
  3 giant cockroaches
  15 goblins
  13 hobgoblins
  22 kobolds
  2 quokkas
  13 bats
  7 giant newts
  A giant spore (D:6)
  A goblin skeleton (D:4)
  A hobgoblin skeleton (D:7)
  9 jackals
  A jackal zombie (D:5)
  A kobold skeleton (D:4)
  An orc zombie (D:8)
  11 rats
  7 ballistomycetes (D:6)
200 creatures vanquished.

Notes
Turn   | Place    | Note
--------------------------------------------------------------
     0 | D:1      | Rycklaryybbe, the Demonspawn Berserker, began the quest for the Orb.
     0 | D:1      | Reached XP level 1. HP: 18/18 MP: 0/0
   252 | D:1      | Gained mutation: You have a somewhat thin skeletal structure (Dex +2, Stlth). [demonic ancestry]
   252 | D:1      | Reached XP level 2. HP: 8/24 MP: 1/1
   836 | D:1      | Acquired Trog's second power
   892 | D:1      | Gained mutation: You have a moderately thin skeletal structure (Dex +4, Str -1, Stlth). [demonic ancestry]
   892 | D:1      | Reached XP level 3. HP: 30/30 MP: 2/2
  1107 | D:2      | Noticed Jessica
  1132 | D:2      | Killed Jessica
  1132 | D:2      | Reached skill level 4 in Short Blades
  1356 | D:2      | Gained mutation: You sometimes gain a little power by taking damage. [demonic ancestry]
  1356 | D:2      | Reached XP level 4. HP: 34/36 MP: 3/3
  1639 | D:2      | Found a bloodstained altar of Trog.
  1957 | D:4      | Found Weustroza's Gadget Boutique.
  1957 | D:4      | Found a blossoming altar of Fedhas.
  2374 | D:3      | Reached skill level 5 in Short Blades
  2412 | D:3      | Reached skill level 1 in Throwing
  2412 | D:3      | Reached XP level 5. HP: 33/41 MP: 4/4
  2663 | D:4      | Found Puyxt's Armour Emporium.
  2794 | D:4      | Found Kuorok's Magical Wand Emporium.
  2904 | D:4      | Reached skill level 1 in Stealth
  2946 | D:4      | Got a faintly humming ring mail
  2955 | D:4      | Identified the +3 ring mail "Criwei" {Int+2 Stlth++} (You found it on level 4 of the Dungeon)
  2981 | D:4      | Found Roajis' Assorted Antiques.
  3026 | D:4      | Found Ifeuneoch's Magic Scroll Shoppe.
  3033 | D:4      | Bought a scroll of blinking for 60 gold pieces
  3211 | D:4      | Gained mutation: Your flesh is cold resistant. [demonic ancestry]
  3211 | D:4      | Reached XP level 6. HP: 48/48 MP: 5/5
  3216 | D:4      | Found a glowing golden altar of the Shining One.
  3281 | D:5      | Entered Level 5 of the Dungeon
  3749 | D:5      | Reached skill level 6 in Short Blades
  3955 | D:5      | Acquired Trog's third power
  4147 | D:5      | Found a staircase to the Ecumenical Temple.
  4153 | D:5      | the staircase to the Ecumenical Temple was a mimic.
  4506 | D:6      | Got a twisted ring mail
  4518 | D:6      | Identified the cursed -5 ring mail "Quunt" {Int+4 Acc+4 Curse} (You found it on level 6 of the Dungeon)
  4608 | D:6      | Found a glowing silver altar of Zin.
  4608 | D:6      | Noticed an oklob plant
  4628 | D:6      | Reached XP level 7. HP: 43/53 MP: 6/6
  5482 | D:6      | Reached skill level 7 in Short Blades
  6089 | D:7      | Noticed a yak
  6089 | D:7      | Noticed a yak
  6089 | D:7      | Noticed a yak
  6093 | D:7      | Noticed a yak
  6125 | D:7      | Killed a yak
  6134 | D:7      | Killed a yak
  6134 | D:7      | Reached skill level 8 in Short Blades
  6134 | D:7      | Gained mutation: You sometimes gain power by taking damage. [demonic ancestry]
  6134 | D:7      | Reached XP level 8. HP: 30/60 MP: 7/7
  6516 | D:7      | Found a staircase to the Ecumenical Temple.
  6562 | D:7      | Killed a yak
  6978 | D:7      | Found Etanepp's Magical Wand Shop.
  7106 | D:7      | Found a staircase to the Orcish Mines.
  7141 | D:7      | Found a deep blue altar of Sif Muna.
  7815 | D:8      | Reached skill level 5 in Stealth
  7994 | D:8      | Reached skill level 9 in Short Blades
  8186 | D:8      | Reached XP level 9. HP: 65/65 MP: 8/8
  8312 | D:8      | Reached skill level 10 in Short Blades
  8958 | D:9      | Noticed Pikel
  9031 | D:9      | Found a glowing golden altar of the Shining One.
  9048 | D:9      | Killed Pikel
  9280 | D:9      | Reached skill level 5 in Fighting
  9459 | D:9      | Found Buvut's Armour Shop.
  9739 | D:10     | Entered Level 10 of the Dungeon
  9743 | D:10     | Received a gift from Trog
  9748 | D:10     | Noticed Joseph
  9783 | D:10     | Slain by Joseph

Action                   |  1- 3 |  4- 6 |  7- 9 || total
-------------------------+-------+-------+-------++-------
Melee: Short sword       |    69 |       |    24 ||    93
       Dagger            |   130 |   187 |   573 ||   890
 Fire: Blowgun           |       |     9 |    17 ||    26
Throw: Dart              |       |       |     1 ||     1
Invok: Berserk           |     1 |       |     3 ||     4
       Trog's Hand       |     1 |       |       ||     1
       Burn Spellbooks   |       |       |     1 ||     1
Evoke: Wand              |       |       |     2 ||     2
  Use: Scroll            |       |     5 |     8 ||    13
       Potion            |       |     2 |       ||     2
 Stab: Sleeping          |       |    20 |     8 ||    28
       Distracted        |       |       |     3 ||     3
